 Dungeon Crawl Stone Soup version 0.25-a0-632-g7713895373 (webtiles) character file.

Game seed: 14042706317139441895, levelgen mode: deterministic

856 An17 the Slasher (level 7, -5/53 HPs)
             Began as a Demonspawn Wanderer on Mar 19, 2020.
             Slain by an ice beast (16 damage)
             ... on level 5 of the Dungeon.
             The game lasted 00:13:54 (3136 turns).

An17 the Slasher (Demonspawn Wanderer)              Turns: 3136, Time: 00:13:55

Health: -5/53      AC:  7    Str: 14    XL:     7   Next: 70%
Magic:  0/7        EV: 13    Int: 12    God:
Gold:   189        SH:  0    Dex: 14    Spells: 6/6 levels left

rFire    + . .     SeeInvis +   q - +0 scimitar
rCold    x . .     Gourm    .   (no shield)
rNeg     . . .     Faith    .   y - +0 leather armour (curse)
rPois    .         Spirit   +   j - +0 helmet
rElec    .         Reflect  .   i - +0 cloak
rCorr    .         Harm     .   (no gloves)
MR       .....                  (no boots)
Stlth    +.........             k - amulet of rage
HPRegen  0.17/turn              g - ring of see invisible
MPRegen  0.10/turn              o - ring of fire

@: flying (expiring)
A: iridescent scales 1, powered by death 1, magic shield
a: Evoke Berserk Rage


You were on level 5 of the Dungeon.
You were not hungry.

You visited 1 branch of the dungeon, and saw 5 of its levels.

You collected 189 gold pieces.

Inventory:

Hand Weapons
 a - a +0 short sword
 h - a +2 dagger of draining
 q - a +0 scimitar (weapon)
Missiles
 m - 8 javelins (quivered)
 p - a throwing net
Armour
 b - a +3 leather armour
 i - a +0 cloak (worn)
 j - a +0 helmet (worn)
 w - a +0 ring mail of poison resistance
 y - a cursed +0 leather armour (worn)
 z - the +10 plate armour of Inviolability {MR+ Str+4, unknown}
   (You found it on level 5 of the Dungeon)

   It affects your strength (+4).
   It affects your resistance to hostile enchantments.
Jewellery
 g - a ring of see invisible (left hand)
 k - an amulet of rage (around neck)
 o - a ring of fire (right hand)
Wands
 r - a wand of clouds (4)
Scrolls
 l - 4 scrolls of teleportation
 s - a scroll of blinking
 u - a scroll of enchant armour
Potions
 c - 2 potions of curing
 f - 2 potions of heal wounds
 n - a potion of haste
 t - a potion of mutation
 v - 2 potions of stabbing {unknown}
 x - a potion of ambrosia
Comestibles
 d - 3 rations


   Skills:
 + Level 3.9 Fighting
 + Level 4.3(5.3) Short Blades
 + Level 4.6(5.5) Long Blades
 + Level 2.2 Armour
 + Level 3.2 Dodging
 - Level 1.0 Stealth
 - Level 2.0 Unarmed Combat
 + Level 1.0 Evocations


You had 6 spell levels left.
You didn't know any spells.
Your spell library contained the following spells:

 Spells                   Type           Power        Failure   Level  Hunger
 Animate Skeleton         Necr           N/A          38%         1    ##.....
 Apportation              Tloc           #.....       38%         1    ##.....
 Corona                   Hex            #......      38%         1    ##.....
 Summon Small Mammal      Summ           #...         38%         1    ##.....


Dungeon Overview and Level Annotations

Branches:
Dungeon (5/15)
 Temple: D:4-7

Altars:

Portals:
Abyss: D:3

Annotations:
D:3 2 transporters, Aaksess's ghost, amateur DrFi


Innate Abilities, Weirdness & Mutations

You are partially covered in iridescent scales. (AC +2)
You regenerate a little health from kills.
When hurt, damage is shared between your health and your magic reserves.


Message History

You are starting to lose your buoyancy.
You closely miss the ice beast. The ice beast hits you.
The ice beast freezes you!
You feel a terrible chill!
* * * LOW HITPOINT WARNING * * *
You closely miss the ice beast. The ice beast misses you.
You riposte.
You hit the ice beast.
The ice beast is lightly wounded.
You barely miss the ice beast.
The ice beast is lightly wounded.
The ice beast hits you but does no damage.
You hit the ice beast but do no damage.
The ice beast is lightly wounded.
The ice beast closely misses you.
You riposte.
You barely miss the ice beast.
The ice beast is lightly wounded.
You hit the ice beast.
The ice beast is moderately wounded.
The ice beast hits you.
* * * LOW HITPOINT WARNING * * *
The ice beast freezes you!!
You feel a terrible chill!
You die...

#...... ........
#.....# #.......
#....# #.......
#....# #.......
#....###.......
#.........)....
#...........#..
#####.......>......
#.@Y...)...........
#.###..............
#. #..............
#. #..............
#. #.......#......
#. #.......#.###..
#.###..........
#...............
#####....##+##..


You could see an ice beast.

Vanquished Creatures
  Duvessa (D:5)
  A sky beast (D:5)
  A bullfrog (D:3)
  Dowan (D:5)
  A scorpion (D:4)
  2 howler monkeys (D:5)
  A crimson imp (D:5)
  A centaur zombie (D:5)
  A bullfrog zombie (D:5)
  An orc wizard (D:3)
  An iguana (D:5)
  A worker ant zombie (D:3)
  4 gnolls (D:4)
  12 adders
  An ooze (D:5)
  2 worms (D:3)
  A dart slug (D:2)
  8 leopard geckos
  6 orcs
  5 giant cockroaches
  9 hobgoblins
  6 jackals
  5 kobolds (D:2)
  4 quokkas
  5 bats
  5 frilled lizards
  4 goblins
  A leopard gecko skeleton (D:4)
  A quokka skeleton (D:5)
  7 rats
99 creatures vanquished.

Notes
Turn   | Place    | Note
-------+----------+-------------------------------------------
     0 | D:1      | An17 the Demonspawn Wanderer began the quest for the Orb.
     0 | D:1      | An17 set off with the following items: a +0 short sword, a
                  | +2 leather armour, a potion of curing, a ration
     0 | D:1      | Reached XP level 1. HP: 16/16 MP: 1/1
   299 | D:1      | Gained mutation: You are partially covered in iridescent
                  | scales. (AC +2) [demonic ancestry]
   299 | D:1      | Reached XP level 2. HP: 20/22 MP: 2/2
   809 | D:2      | Gained mutation: You regenerate a little health from kills.
                  | [demonic ancestry]
   809 | D:2      | Reached XP level 3. HP: 5/27 MP: 3/3
   997 | D:2      | Gained mutation: When hurt, damage is shared between your
                  | health and your magic reserves. [demonic ancestry]
   997 | D:2      | Reached XP level 4. HP: 34/34 MP: 4/4
  1158 | D:2      | Reached skill level 1 in Armour
  1362 | D:2      | Found a faded altar of an unknown god.
  1458 | D:3      | Found a transporter.
  1602 | D:3      | Found a one-way gate to the infinite horrors of the Abyss.
  1602 | D:3      | Noticed Aaksess's ghost (amateur DrFi)
  1693 | D:3      | Noticed a bullfrog
  1705 | D:3      | Killed a bullfrog
  1705 | D:3      | Reached XP level 5. HP: 33/40 MP: 5/5
  1817 | D:3      | Noticed a toenail golem
  1971 | D:3      | Reached skill level 1 in Long Blades
  2203 | D:3      | Found a transporter.
  2408 | D:4      | Reached XP level 6. HP: 15/47 MP: 2/6
  2763 | D:5      | Entered Level 5 of the Dungeon
  2912 | D:5      | Reached XP level 7. HP: 21/52 MP: 3/7
  2999 | D:5      | Got a pitted plate armour
  3053 | D:5      | Noticed Dowan
  3054 | D:5      | Noticed Duvessa
  3085 | D:5      | Killed Duvessa
  3098 | D:5      | Killed Dowan
  3136 | D:5      | Slain by an ice beast

Levels and vault maps discovered:
D:1:      giann_wishing_wells, layout_basic
D:2:      layout_rooms, chequers_ecumenical_altar_grove
D:3:      layout_loops_corners, gammafunk_ghost_abyssal_escape
D:4:      layout_rooms, first_ration
D:5:      layout_basic, uniq_duvessa

Skill      XL: |  1  2  3  4  5  6  7 |
---------------+----------------------+-----
Unarmed Combat | 2 |  2.0
Short Blades   | 3 4 |  4.3
Dodging        | 2 3 |  3.2
Armour         | 1 2 |  2.2
Fighting       | 3 |  3.9
Long Blades    | 1 3 4 |  4.6
Stealth        | |  1.0
Evocations     | |  1.0

Action                   |  1- 3 |  4- 6 |  7- 9 || total
-------------------------+-------+-------+-------++-------
Melee: Short sword       |   176 |    83 |       ||   259
       Scimitar          |       |   154 |    74 ||   228
       Punch             |       |     3 |     1 ||     4
Throw: Javelin           |       |     3 |       ||     3
  Use: Scroll            |     5 |     8 |     1 ||    14
       Potion            |       |       |     2 ||     2
  Eat: Chunk             |       |     2 |       ||     2
       Ration            |       |     2 |       ||     2
Armor: Leather armour    |    82 |   125 |    20 ||   227
Dodge: Dodged            |   112 |   160 |    58 ||   330
       Rpst.: Scimitar   |       |    38 |    22 ||    60

Table legend:
 A = Non-vault XP
 B = Vault XP
 C = Vault XP percentage of total XP
 D = Non-vault monster count
 E = Vault monster count
 F = Vault count percentage of total count
                 A         B        C        D         E       F
            +---------+---------+-------+---------+---------+-------
      Total |    1001 |     223 |  18.2 |      97 |       2 |   2.0
            +---------+---------+-------+---------+---------+-------
        D:1 |      18 |       0 |   0.0 |      11 |       0 |   0.0
        D:2 |     109 |       0 |   0.0 |      29 |       0 |   0.0
        D:3 |     222 |       0 |   0.0 |      19 |       0 |   0.0
        D:4 |     163 |       0 |   0.0 |      17 |       0 |   0.0
        D:5 |     489 |     223 |  31.3 |      21 |       2 |   8.7
            +---------+---------+-------+---------+---------+-------
